 Dungeon Crawl Stone Soup version 0.24-a0-434-gd57e52fea8 (webtiles) character file.

Game seed: 4830321630390280941

142531 vurker the Warrior (level 17, -2/120 HPs)
             Began as a Barachi Fighter on June 15, 2019.
             Was an Elder of Okawaru.
             Killed from afar by a starcursed mass (6 damage)
             ... with an accursed screaming
             ... on level 3 of the Abyss on June 16, 2019.
             The game lasted 01:24:27 (34462 turns).

vurker the Warrior (Barachi Fighter)               Turns: 34462, Time: 01:24:28

Health: -2/120     AC: 24    Str: 19      XL:     17   Next: 35%
Magic:  0/16       EV: 13    Int:  3 (6)  God:    Okawaru [****..]
Gold:   928        SH: 25    Dex: 12      Spells: 16/16 levels left

rFire    + + +     SeeInvis +   a - +4 demon blade (vamp)
rCold    . . .     Gourm    .   A - +2 large shield
rNeg     . . .     Faith    .   D - +5 plate armour {rF+}
rPois    +         Spirit   +   B - +0 helmet "Foass" {rElec rF+ Stlth+}
rElec    +         Reflect  .   E - scarf {repulsion}
rCorr    +         Harm     .   d - +0 pair of gloves of the Iron Devil {*Contam rPois SInv}
MR       +....     Rnd*Rage +   j - +0 pair of boots {Stlth+}
Stlth    ..........             F - amulet of guardian spirit
HPRegen  0.00/turn              z - ring of resist corrosion
MPRegen  0.15/turn              i - ring of protection from fire

@: heroism, berserk cooldown, hasted and slowed, repel missiles, slow
A: +LOS, swims, [berserk 3], [blurry vision 2], [deformed body], [deterioration
2], [dopey 2], [frail 2], [low mp 3], [screaming 2], slowness 1, [inhibited
regeneration], [weak 2], [subdued magic 2], strong legs 2
a: Hop, Heroism, Renounce Religion


You were on level 3 of the Abyss.
You worshipped Okawaru.
Okawaru was greatly pleased with you.
You were hungry.

You visited 4 branches of the dungeon, and saw 25 of its levels.
You visited the Abyss 1 time.

You collected 2458 gold pieces.
You spent 1530 gold pieces at shops.

Inventory:

Hand Weapons
 a - a +4 vampiric demon blade (weapon)
   (You found it on level 10 of the Dungeon)
 b - a +2 double sword of flaming
   (You bought it in a shop on level 2 of the Orcish Mines)
Armour
 d - the +0 pair of gloves of the Iron Devil (worn) {*Contam rPois SInv}
   (You found it on level 4 of the Lair of Beasts)

   It protects you from poison.
   It lets you see invisible.
   It causes magical contamination when unequipped.
 j - a +0 pair of boots of stealth (worn)
   (You found it on level 6 of the Lair of Beasts)
 A - a +2 large shield (worn)
   (You found it on level 8 of the Dungeon)
 B - the +0 helmet "Foass" (worn) {rElec rF+ Stlth+}
   (You bought it in a shop on level 2 of the Orcish Mines)

   It protects you from fire.
   It insulates you from electricity.
   It makes you more stealthy.
 D - a +5 plate armour of fire resistance (worn)
   (You took it off an orc warlord on level 1 of the Orcish Mines)
 E - a scarf of repulsion (worn)
   (You found it on level 13 of the Dungeon)
Jewellery
 i - a ring of protection from fire (right hand)
   (You took it off an orc on level 9 of the Dungeon)
 z - a ring of resist corrosion (left hand)
   (You found it on level 8 of the Dungeon)
 F - an amulet of guardian spirit (around neck)
   (You bought it in a shop on level 2 of the Orcish Mines)
Wands
 o - a wand of polymorph (8)
   (You took it off a centaur on level 5 of the Dungeon)
 t - a wand of flame (74)
   (You found it on level 8 of the Dungeon)
 v - a wand of digging (15)
   (You took it off Maurice on level 11 of the Dungeon)
 x - a wand of acid (9)
   (You took it off a kobold demonologist on level 12 of the Dungeon)
Scrolls
 c - 5 scrolls of immolation {!r}
 g - 3 scrolls of blinking
 n - 15 scrolls of remove curse {@r2}
 s - a scroll of silence {unknown}
 u - 10 scrolls of teleportation {@r4}
 w - 6 scrolls of identify {@r1}
 H - a scroll of acquirement
Potions
 f - 2 potions of resistance
 h - a potion of mutation {!q}
 k - a potion of berserk rage
 l - 2 potions of agility
 m - 2 potions of ambrosia
 p - 7 potions of curing {@q1}
 q - 2 potions of heal wounds {@q2}
 r - a potion of flight {unknown}
 C - a potion of cancellation
 G - 3 potions of might
Comestibles
 e - 23 rations {!d}


   Skills:
 * Level 18.3(23.3) Fighting
 - Level 14.0(19.0) Long Blades
 + Level 14.1(19.1) Armour
 + Level 11.8(16.8) Dodging
 * Level 16.4(21.4) Shields
 - Level 8.0 Invocations


You had 16 spell levels left.
You didn't know any spells.
Your spell library contained the following spells:

 Spells                   Type           Power        Failure   Level  Hunger
 Corona                   Hex            #......      100%        1    ##.....
 Flame Tongue             Conj/Fire      #....        100%        1    ##.....
 Infusion                 Chrm           #...         100%        1    ##.....
 Magic Dart               Conj           #...         100%        1    ##.....
 Summon Butterflies       Summ           #.......     100%        1    ##.....
 Blink                    Tloc           N/A          100%        2    ###....
 Call Imp                 Summ           #.......     100%        2    ###....
 Ensorcelled Hibernation  Hex/Ice        #.....       100%        2    ###....
 Slow                     Hex            #.......     100%        2    ###....
 Throw Flame              Conj/Fire      #.....       100%        2    ###....
 Call Canine Familiar     Summ           #.......     100%        3    ####...
 Confuse                  Hex            #.......     100%        3    ####...
 Conjure Flame            Conj/Fire      #.......     100%        3    ####...
 Dazzling Spray           Conj/Hex       #.....       100%        3    ####...
 Inner Flame              Hex/Fire       #.......     100%        3    ####...
 Mephitic Cloud           Conj/Pois/Air  #.......     100%        3    ####...
 Ozocubu's Armour         Chrm/Ice       #.......     100%        3    ####...
 Portal Projectile        Hex/Tloc       #.....       100%        3    ####...
 Tukima's Dance           Hex            #.......     100%        3    ####...
 Cause Fear               Hex            #.........   100%        4    #####..
 Leda's Liquefaction      Hex/Erth       #.........   100%        4    #####..
 Petrify                  Tmut/Erth      #.......     100%        4    #####..
 Sticky Flame             Conj/Fire      #.......     100%        4    #####..
 Summon Ice Beast         Ice/Summ       #.......     100%        4    #####..
 Fireball                 Conj/Fire      #.........   100%        5    ######.
 Summon Mana Viper        Hex/Summ       #.......     100%        5    ######.
 Summon Hydra             Summ           #.........   100%        7    #######


Dungeon Overview and Level Annotations

Branches:
Dungeon (15/15)            Temple (0/1) D:5            Lair (6/6) D:9
  Swamp (2/4) Lair:3        Snake (0/4) Lair:4        Slime (0/5) Lair:5
    Orc (2/2) D:11            Elf (0/3) Orc:2        Vaults (0/5) D:13
 Depths (0/5) D:15

Altars:
Ashenzari
Cheibriados
Dithmenos
Elyvilon
Gozag
Makhleb
Nemelex Xobeh
Okawaru
Qazlal
Ru
Sif Muna
Beogh
Jiyva

Shops:
D:4 %   D:14 *   Orc:2 *(=[

Portals:
Trove: D:15 (show slimy rune of Zot)

Annotations:
D:11 exclusion: orange crystal statue
Swamp:2 Louise


Innate Abilities, Weirdness & Mutations

Shadows flee at your approach. (+LOS)
You can swim through water.
You cover ground slowly.
You can hop long distances.
[You have an uncontrollable temper.]
[Scrolls take you longer to read.]
[Armour fits poorly on your strangely shaped body.]
[Your body often deteriorates upon taking damage.]
[You are very dopey. (Int -4)]
[You are very frail. (-20% HP)]
[Your magical capacity is extremely low. (-30% MP)]
[You sometimes yell uncontrollably at your foes.]
[You do not regenerate when monsters are visible.]
[You are very weak. (Str -4)]
[Your spells are easier to cast, but less powerful.]


Message History

* * * LOW HITPOINT WARNING * * *
A chorus of shrieks assaults your mind.
* * * LOW HITPOINT WARNING * * *
A starcursed mass splits. x2
Really read with blurry vision while enemies are nearby? [Y]es or [N]o only, please.
Really read with blurry vision while enemies are nearby? [Y]es or [N]o only, please.
Really read with blurry vision while enemies are nearby?
Okay, then.
Unknown command.
A chorus of shrieks assaults your mind.
* * * LOW HITPOINT WARNING * * *
A starcursed mass splits.
A small abomination comes into view.
Unknown command.
You feel yourself speed up.
A starcursed mass splits.
You hit the starcursed mass but do no damage.
The starcursed mass engulfs you.
* * * LOW HITPOINT WARNING * * *
You slice the starcursed mass!!
You destroy the starcursed mass!
Okawaru accepts your kill.
You hit the starcursed mass but do no damage.
A chorus of shrieks assaults your mind.
* * * LOW HITPOINT WARNING * * *
You slash the starcursed mass!
You destroy the starcursed mass!
Okawaru accepts your kill. A chorus of shrieks assaults your mind.
* * * LOW HITPOINT WARNING * * *
You hit the starcursed mass.
The starcursed mass shudders and is absorbed by its neighbour.
The starcursed mass closely misses you.
You riposte.
You slash the starcursed mass!
The starcursed mass shudders and is absorbed by its neighbour.
The starcursed mass barely misses you.
You riposte.
You hit the starcursed mass but do no damage.
You slash the starcursed mass! You slash the starcursed mass!
You block the starcursed mass's attack.
You hit the starcursed mass. You hit the starcursed mass.
A starcursed mass splits.
A chorus of shrieks assaults your mind.
* * * LOW HITPOINT WARNING * * *
You slash the starcursed mass!
You destroy the starcursed mass!
Okawaru accepts your kill.
You feel as though your hastened speed will last longer.
The starcursed mass shrieks in your mind.
You die...

.
..#.##....#
.#
#.#.....#.#
#.#.#...# #
##....#. .#
#......##
#.# #
......##...#
# ...X..#
###...#
#.@### #...#
#####


You could see a starcursed mass.

Vanquished Creatures
  Rupert (Orc:2)
  A thorn hunter (Swamp:1)
  2 orc warlords (Orc:1)
  A stone giant (Orc:2)
  Snorg (Lair:4)
  3 ettins (Orc:2)
  An ogre mage (D:15)
  Josephine (Swamp:1)
  16 hydras
  Fannar (D:11)
  5 vault guards (D:13)
  A catoblepas (Lair:5)
  A merfolk avatar (Lair:6)
  A death knight (D:15)
  3 centaur warriors
  14 two-headed ogres
  13 starcursed masses
  5 death yaks
  5 alligators
  2 tengu warriors
  Nergalle (Lair:3)
  Sonja (Lair:3)
  2 wretched stars
  4 skeletal warriors (D:13)
  2 glowing orange brains (Abyss:2)
  2 spatial maelstroms
  8 unseen horrors
  6 large abominations
  2 sea snakes (Lair:6)
  2 wizards
  A deep elf archer (D:13)
  3 orc sorcerers
  5 orc knights
  6 ugly things
  2 deep elf magi (D:12)
  A manticore (D:14)
  A worldbinder (Abyss:2)
  4 oklob plants (Lair:6)
  11 cyclopes
  Maurice (D:11)
  11 elephants
  4 centaur zombies
  4 naga magi (D:15)
  A smoke demon (Abyss:2)
  6 black mambas
  12 spiny frogs
  An orange demon (Abyss:2)
  3 gargoyles (D:12)
  An efreet (D:15)
  A kobold demonologist (D:12)
  3 rime drakes (Lair:6)
  2 yaktaurs (D:15)
  13 komodo dragons
  2 freezing wraiths (D:15)
  An ice devil (Abyss:2)
  2 ancient zymes (Abyss:2)
  5 tyrant leeches
  A wind drake (Lair:6)
  3 tengu conjurers
  10 hornets
  A queen bee (D:11)
  15 trolls
  Grinder (D:5)
  6 polar bears (Lair:6)
  4 slime creatures (Swamp:2)
  3 raiju (Abyss:2)
  4 dream sheep (Lair:5)
  4 blink frogs
  4 bog bodies
  A meliai zombie (D:14)
  12 hippogriffs
  13 spriggans
  5 shadows
  4 wyverns
  29 yaks
  10 wraiths
  4 basilisks
  2 humans (D:13)
  A hog (shapeshifter) (D:15)
  3 hungry ghosts
  3 chaos spawn (Abyss:2)
  Menkaure (D:4)
  2 nagas (Lair:4)
  2 vampire mosquitoes (D:12)
  3 swamp worms (Swamp:1)
  2 wargs (Orc:1)
  2 acid dragons (D:14)
  18 water moccasins
  7 porcupines
  A swamp drake (Swamp:1)
  7 sky beasts
  A black bear (D:6)
  25 orc warriors
  6 ice beasts
  2 necrophages
  3 phantoms
  13 wolves
  3 boggarts (Lair:3)
  24 ogres
  5 small abominations
  15 crocodiles
  24 centaurs
  2 big kobolds (D:12)
  14 bullfrogs
  A water moccasin zombie (D:6)
  3 wyvern zombies
  A scorpion (D:6)
  A wyvern skeleton (D:13)
  22 killer bees
  15 wights
  11 howler monkeys
  8 crimson imps
  A quasit (D:7)
  3 bullfrog zombies
  4 jellies
  7 centaur skeletons
  Crazy Yiuf (D:4)
  21 orc priests
  6 hounds
  15 orc wizards
  5 bullfrog skeletons
  Ijyb (D:4)
  6 iguanas
  A killer bee zombie (D:7)
  11 worker ants
  A hound zombie (D:9)
  A worker ant zombie (D:5)
  2 gnolls
  13 adders
  3 howler monkey skeletons
  3 shadow imps
  12 white imps (D:14)
  2 ufetubi (Abyss:2)
  An ooze (D:3)
  3 adder skeletons
  2 adder zombies
  6 worms
  3 dart slugs
  7 leopard geckos
  73 orcs
  3 giant cockroaches
  10 goblins
  12 hobgoblins
  12 jackals
  3 quokkas
  3 ball pythons
  3 bats
  7 frilled lizards
  14 kobolds
  10 rats
  A plant (Lair:3)
894 creatures vanquished.

Vanquished Creatures (others)
  A cyclops (Orc:2)
  An orc wizard (D:10)
  2 briar patches (Swamp:1)
  13 fungi
  13 plants (Lair:6)
30 creatures vanquished.

Grand Total: 924 creatures vanquished

Notes
Turn   | Place    | Note
-------+----------+-------------------------------------------
     0 | D:1      | vurker the Barachi Fighter began the quest for the Orb.
     0 | D:1      | Reached XP level 1. HP: 18/18 MP: 1/1
    47 | D:1      | Reached XP level 2. HP: 7/25 MP: 2/2
   339 | D:1      | Reached skill level 4 in Fighting
   874 | D:1      | Reached XP level 3. HP: 30/30 MP: 3/3
  1322 | D:2      | Found a white marble altar of Elyvilon.
  1409 | D:2      | Reached XP level 4. HP: 36/38 MP: 4/4
  1760 | D:2      | Found an iron altar of Okawaru.
  1782 | D:2      | Reached skill level 5 in Long Blades
  1798 | D:2      | Became a worshipper of Warmaster Okawaru
  1908 | D:2      | Reached XP level 5. HP: 43/43 MP: 5/5
  2077 | D:3      | Reached skill level 5 in Fighting
  2512 | D:3      | Found a snail-covered altar of Cheibriados.
  2883 | D:4      | Reached skill level 1 in Invocations
  2883 | D:4      | Reached XP level 6. HP: 46/51 MP: 6/6
  2932 | D:4      | Noticed Menkaure
  3240 | D:4      | Killed Menkaure
  3543 | D:4      | Reached XP level 7. HP: 31/57 MP: 8/8
  3545 | D:4      | Reached * piety under Okawaru
  4126 | D:4      | Noticed Ijyb
  4172 | D:4      | Killed Ijyb
  4172 | D:4      | Reached skill level 5 in Armour
  4290 | D:4      | Found a runed translucent door.
  4291 | D:4      | Noticed Crazy Yiuf
  4402 | D:4      | Found a deep blue altar of Sif Muna.
  4574 | D:4      | Found Ywenusen's Food Boutique.
  4667 | D:4      | Killed Crazy Yiuf
  4667 | D:4      | Reached skill level 6 in Fighting
  4703 | D:5      | Entered Level 5 of the Dungeon
  4729 | D:5      | Noticed Grinder
  4741 | D:5      | Killed Grinder
  4741 | D:5      | Reached XP level 8. HP: 54/64 MP: 7/10
  5111 | D:5      | Found a staircase to the Ecumenical Temple.
  5147 | D:5      | HP: 3/65 [centaur/+0 quarterstaff (9)]
  5530 | D:5      | Found a shattered altar of Ashenzari.
  5896 | D:5      | Reached ** piety under Okawaru
  5896 | D:5      | Reached skill level 7 in Fighting
  6267 | D:6      | Reached XP level 9. HP: 72/72 MP: 11/11
  6286 | D:6      | Found a sacrificial altar of Ru.
  6453 | D:6      | Reached skill level 1 in Dodging
  7056 | D:6      | Reached skill level 8 in Fighting
  7056 | D:6      | Reached skill level 5 in Shields
  7436 | D:5      | Found a shattered altar of Ashenzari.
  7449 | D:5      | Reached *** piety under Okawaru
  7449 | D:5      | Reached skill level 5 in Invocations
  7763 | D:7      | Found a shadowy altar of Dithmenos.
  8100 | D:7      | Noticed a cyclops
  8111 | D:7      | Killed a cyclops
  8111 | D:7      | Reached XP level 10. HP: 33/82 MP: 10/14
  8642 | D:7      | Reached skill level 9 in Fighting
  8951 | D:8      | Found an opulent altar of Gozag.
  8951 | D:8      | Found a stormy altar of Qazlal.
  8951 | D:8      | Found a sparkling altar of Nemelex Xobeh.
  9515 | D:8      | Got a bloodstained scale mail
 10148 | D:8      | Noticed a two-headed ogre
 10159 | D:8      | Killed a two-headed ogre
 10159 | D:8      | Reached skill level 10 in Long Blades
 10168 | D:8      | Reached **** piety under Okawaru
 10658 | D:9      | Noticed a wizard
 11025 | D:9      | Noticed a two-headed ogre
 11036 | D:9      | Killed a two-headed ogre
 11036 | D:9      | Reached skill level 10 in Fighting
 11036 | D:9      | Reached XP level 11. HP: 90/90 MP: 15/15
 11134 | D:9      | Noticed a two-headed ogre
 11147 | D:9      | Killed a two-headed ogre
 11279 | D:9      | Found a burning altar of Makhleb.
 11679 | D:9      | Found a staircase to the Lair.
 11977 | D:10     | Entered Level 10 of the Dungeon
 12738 | D:10     | Reached skill level 5 in Dodging
 12772 | D:10     | Reached ***** piety under Okawaru
 12848 | D:11     | Noticed Maurice
 12893 | D:11     | Killed Maurice
 13030 | D:11     | Reached skill level 11 in Fighting
 13034 | D:11     | Noticed a two-headed ogre
 13357 | D:11     | Found a staircase to the Orcish Mines.
 13464 | D:11     | Killed a two-headed ogre
 13464 | D:11     | Reached XP level 12. HP: 74/100 MP: 17/17
 13662 | D:11     | Noticed a two-headed ogre
 13669 | D:11     | Killed a two-headed ogre
 13856 | D:11     | Noticed Fannar
 14798 | Lair:1   | Entered Level 1 of the Lair of Beasts
 14798 | Lair:1   | Noticed an eight-headed hydra
 14800 | Lair:1   | Noticed a death yak
 14801 | Lair:1   | Noticed a death yak
 14802 | Lair:1   | Noticed a death yak
 14832 | D:9      | Killed an eight-headed hydra
 15146 | D:9      | Killed a death yak
 15189 | Lair:1   | Noticed a death yak
 15212 | D:9      | Killed a death yak
 15231 | D:9      | Killed a death yak
 15244 | D:9      | Killed a death yak
 15461 | Lair:1   | Reached skill level 12 in Fighting
 15528 | Lair:1   | You fall into a shaft and drop 1 floor!
 15538 | Lair:2   | Received a gift from Okawaru
 15545 | Lair:2   | Reached skill level 10 in Shields
 15598 | Lair:2   | Noticed an eight-headed hydra
 15625 | Lair:2   | Killed an eight-headed hydra
 16083 | Lair:2   | Reached skill level 10 in Armour
 16260 | Lair:2   | Gained mutation: You can hop long distances. [Barachi
                  | growth]
 16260 | Lair:2   | Reached XP level 13. HP: 109/109 MP: 19/19
 16982 | Lair:1   | Reached skill level 13 in Fighting
 17559 | Lair:3   | Found a staircase to the Swamp.
 17597 | Lair:3   | Identified a scroll of acquirement
 18410 | Lair:3   | Noticed Nergalle
 18425 | Lair:3   | Killed Nergalle
 18634 | Lair:3   | Noticed Sonja
 19543 | Lair:3   | Killed Sonja
 19780 | Lair:4   | Noticed Snorg
 19803 | Lair:4   | Killed Snorg
 20045 | Lair:4   | Found a staircase to the Snake Pit.
 20067 | Lair:4   | Reached skill level 14 in Fighting
 20128 | Lair:4   | Got a pair of distressingly furry gloves
 20129 | Lair:4   | Identified the +0 pair of gloves of the Iron Devil {*Contam
                  | rPois SInv} (You found it on level 4 of the Lair of Beasts)
 20481 | Lair:4   | Reached XP level 14. HP: 114/120 MP: 20/20
 20501 | Lair:4   | Received a gift from Okawaru
 20506 | Lair:4   | Got a smoking fustibalus {god gift}
 20530 | Lair:3   | Found a staircase to the Swamp.
 21493 | Lair:5   | Found a viscous altar of Jiyva.
 21493 | Lair:5   | Found a staircase to the Slime Pits.
 21739 | Lair:6   | Entered Level 6 of the Lair of Beasts
 21848 | Lair:6   | Received a gift from Okawaru
 22869 | Lair:6   | Reached skill level 15 in Fighting
 24169 | D:11     | Killed Fannar
 24449 | Orc:1    | Entered Level 1 of the Orcish Mines
 24487 | D:11     | Reached XP level 15. HP: 97/129 MP: 19/21
 25004 | Orc:1    | Found a roughly hewn altar of Beogh.
 25004 | Orc:1    | Noticed an orc warlord
 25019 | Orc:1    | Killed an orc warlord
 25068 | Orc:1    | Received a gift from Okawaru
 25266 | Orc:1    | Noticed an orc warlord
 25308 | Orc:1    | Killed an orc warlord
 25695 | Orc:2    | Entered Level 2 of the Orcish Mines
 25695 | Orc:2    | Found a staircase to the Elven Halls.
 25696 | Orc:2    | Found a roughly hewn altar of Beogh.
 25705 | Orc:2    | Found Mutaw's General Store.
 25837 | Orc:2    | Noticed Rupert
 25888 | Orc:2    | Killed Rupert
 25975 | Orc:2    | Found Oti Ageyt's Antique Weapon Shop.
 26006 | Orc:2    | Reached skill level 16 in Fighting
 26016 | Orc:2    | Found Ikirrua's Antique Armour Emporium.
 26213 | Orc:2    | Found Culuigot's Jewellery Shoppe.
 26228 | Orc:2    | Reached skill level 10 in Dodging
 26366 | Orc:2    | Bought a scorched helmet for 304 gold pieces
 26366 | Orc:2    | Bought a glowing hat for 224 gold pieces
 26377 | Orc:2    | Identified the +0 helmet "Foass" {rElec rF+ Stlth+} (You
                  | bought it in a shop on level 2 of the Orcish Mines)
 26400 | Orc:2    | Bought an uncursed amulet of guardian spirit for 390 gold
                  | pieces
 26426 | Orc:2    | Bought a glowing double sword for 612 gold pieces
 26860 | D:9      | Found a burning altar of Makhleb.
 26895 | D:9      | Found a staircase to the Lair.
 27564 | D:12     | Identified Sif Muna's Tome of Mutagenic Good Luck
 27725 | D:12     | Got a scorched hand axe
 28733 | D:13     | Reached XP level 16. HP: 139/139 MP: 22/22
 29189 | D:13     | Found a gate to the Vaults.
 29477 | D:14     | Found a frozen archway.
 29622 | D:14     | Reached skill level 15 in Shields
 30022 | D:14     | Received a gift from Okawaru
 30062 | D:14     | Reached skill level 17 in Fighting
 30167 | D:14     | Found Vetz's Mass Market.
 30681 | D:15     | Entered Level 15 of the Dungeon
 30719 | D:15     | Got a pitted garnet amulet
 30720 | D:15     | Identified the amulet of the Good {Acrobat Int+2} (You
                  | found it on level 15 of the Dungeon)
 30813 | D:15     | Found a portal to a secret trove of treasure.
 31866 | D:15     | Paralysed by an ogre mage for 3 turns
 31963 | D:15     | Found a staircase to the Depths.
 32149 | Swamp:1  | Entered Level 1 of the Swamp
 32219 | Swamp:1  | Noticed a thorn hunter
 32254 | Swamp:1  | Killed a thorn hunter
 32254 | Swamp:1  | Received a gift from Okawaru
 32437 | Swamp:1  | Noticed Josephine
 32460 | Swamp:1  | Received a gift from Okawaru
 32467 | Swamp:1  | Killed Josephine
 32574 | Swamp:1  | Got a slimy chain mail {god gift}
 32614 | Swamp:1  | Reached XP level 17. HP: 106/149 MP: 15/23
 33152 | Swamp:1  | Reached skill level 18 in Fighting
 33658 | Swamp:2  | Noticed Louise
 33662 | Swamp:2  | Cast into level 2 of the Abyss (Louise)
 34233 | Abyss:2  | Paralysed by accursed screaming for 2 turns
 34330 | Abyss:3  | Found a corrupted altar of Lugonu.
 34418 | Abyss:3  | Paralysed by accursed screaming for 1 turns
 34460 | Abyss:3  | HP: 4/120 [starcursed mass/accursed screaming (6)]
 34462 | Abyss:3  | Killed from afar by a starcursed mass

Levels and vault maps discovered:
D:1:      onia_arrival_handbag, layout_loops_ring
D:2:      layout_rooms, elyvilon_altar_5, okawaru_altar_gauntlet_db
D:3:      layout_rooms, lemuel_doored_altar
D:4:      layout_loops_ring, old_standard_altar, serial_shops,
          nicolae_shop_behind_doors, uniq_menkaure, uniq_crazy_yiuf_cottage,
          uniq_ijyb
D:5:      lemuel_upstairs_altar, layout_basic, minmay_temple_entry_steel_oval,
          first_ration, hangedman_decor_points, kennysheep_diamond, uniq_grinder
D:6:      layout_rooms, nicolae_ru_great_annihilating_truth,
          corexii_hall_statues_t
D:7:      layout_basic, nicolae_dithmenos_through_a_glass_darkly,
          minmay_door_square, minmay_misc_feat_columns
D:8:      layout_basic, chequers_temple_overflow_statue_of_worship
D:9:      layout_cave_pods, marbit_many_paths, lair_entry_dummy,
          lightli_wizard_tower
D:10:     layout_basic
D:11:     layout_big_octagon, orc_0_dummy, david_nohive_1,
          minmay_protected_statue, uniq_maurice, uniq_fannar
D:12:     layout_irregular_city, evilmike_minifort
D:13:     layout_basic, grunt_vaults_entry_fortified,
          small_chamber_with_monster, skrybe_limestone_x
D:14:     layout_stronghold, portal_ice_cave_entry_imps, minmay_shop_mass,
          lemuel_flamethrower_1
D:15:     grunt_enter_depths_magical_seal, layout_irregular_city,
          nicolae_trove_entry_crossroad, minmay_strange_pillars
Lair:1:   layout_layer_cave, beast_lair_carwin_9, grunt_megastairs_5
Lair:2:   layout_cave_shapes, lemuel_fruit_tree, grunt_megastairs_1
Lair:3:   kb_forest_paths, layout_concentric_octagons,
          skrybe_swamp_entry_bodies, lemuel_fruit_fields, uniq_nergalle,
          uniq_sonja
Lair:4:   layout_layer_cave, guppyfry_snake_entry_island, uniq_snorg
Lair:5:   layout_misc_corridors, dpeg_slime_entry_enclosed_altar
Lair:6:   gammafunk_lair_ancient_temple, layout_regular_city,
          cheibrodos_lair_lostbears, minmay_lair_oklob_chamber
Swamp:1:  layout_basic_swamp, evilmike_swamp_ruin_house_2, uniq_josephine
Swamp:2:  layout_falls_marsh, hangedman_swamp_lotus, uniq_louise
Orc:1:    layout_caves, special_room [special_room_orc]
Orc:2:    grunt_orc_gardens, layout_diamond_mine, grunt_orc_garden,
          grunt_orc_garden, grunt_orc_garden, grunt_orc_garden, basic_altar,
          uniq_rupert
Abyss:3:  evilmike_abyss_rune_elephants_shrine

Skill      XL: |  1  2  3  4  5  6  7  8  9 10 11 12 13 14 15 16 17 |
---------------+----------------------------------------------------+-----
Long Blades    | 3 4 5 6 7 9 10 11 12 13 14 | 14.0
Fighting       | 4 5 6 7 8 10 11 12 14 15 16 17 18 | 18.3
Armour         | 4 5 6 7 8 9 10 11 12 13 14 | 14.1
Invocations    | 1 2 3 5 6 7 8 |  8.0
Shields        | 4 6 7 9 10 12 13 14 16 | 16.4
Dodging        | 2 4 5 6 8 9 10 11 | 11.8

Action                   |  1- 3 |  4- 6 |  7- 9 | 10-12 | 13-15 | 16-18 || total
-------------------------+-------+-------+-------+-------+-------+-------++-------
Melee: Long sword        |    86 |   213 |   507 |   419 |       |       ||  1225
       Unarmed           |       |       |     8 |       |       |       ||     8
       Falchion          |       |       |       |   304 |       |       ||   304
       Demon blade       |       |       |       |   217 |  1733 |  1018 ||  2968
       Dagger            |       |       |       |    29 |   124 |       ||   153
       Double sword      |       |       |       |       |    19 |    61 ||    80
Invok: Heroism           |       |       |     8 |    27 |    53 |    23 ||   111
       Finesse           |       |       |       |     3 |     9 |     1 ||    13
 Abil: Hop               |       |     2 |     3 |     1 |     1 |       ||     7
Evoke: Wand              |       |       |     3 |    10 |     8 |       ||    21
  Use: Scroll            |       |     7 |     5 |     8 |    14 |    10 ||    44
       Potion            |       |     1 |     1 |     3 |     1 |     2 ||     8
 Stab: Paralysed         |       |       |     2 |    15 |       |       ||    17
       Distracted        |       |       |       |     1 |     1 |       ||     2
       Confused          |       |       |       |       |     6 |     2 ||     8
  Eat: Chunk             |     2 |     8 |     6 |    20 |    35 |    10 ||    81
       Ration            |       |       |     3 |     4 |     4 |     3 ||    14
Armor: Scale mail        |    51 |    30 |       |       |       |       ||    81
       Plate armour      |       |    82 |   258 |   359 |   615 |   276 ||  1590
       Skin              |       |       |     4 |    24 |       |    11 ||    39
Dodge: Dodged            |    35 |    32 |    80 |   131 |   468 |   248 ||   994
       Deflected         |       |       |       |       |       |     8 ||     8
Block: Shield            |    50 |   112 |   200 |    97 |       |       ||   459
       Large shield      |       |       |       |   676 |  1898 |  1020 ||  3594
       Rpst.: Long sword |    10 |     8 |    28 |     9 |       |       ||    55
       Falchion          |       |       |       |     8 |       |       ||     8
       Demon blade       |       |       |       |     3 |    93 |    44 ||   140
       Double sword      |       |       |       |       |     6 |     3 ||     9

Table legend:
 A = Non-vault XP
 B = Vault XP
 C = Vault XP percentage of total XP
 D = Non-vault monster count
 E = Vault monster count
 F = Vault count percentage of total count
                 A         B        C        D         E       F
            +---------+---------+-------+---------+---------+-------
      Total |  137445 |   66172 |  32.5 |     694 |     201 |  22.5
            +---------+---------+-------+---------+---------+-------
        D:1 |      61 |       4 |   6.2 |      21 |       4 |  16.0
        D:2 |      85 |      23 |  21.3 |      17 |       6 |  26.1
        D:3 |     125 |       0 |   0.0 |      30 |       0 |   0.0
        D:4 |     456 |     251 |  35.5 |      18 |       3 |  14.3
        D:5 |     883 |     503 |  36.3 |      21 |       4 |  16.0
        D:6 |    1838 |      40 |   2.1 |      32 |       4 |  11.1
        D:7 |    1542 |       0 |   0.0 |      19 |       0 |   0.0
        D:8 |    2681 |       0 |   0.0 |      29 |       0 |   0.0
        D:9 |    8757 |     260 |   2.9 |      39 |       2 |   4.9
       D:10 |    2763 |       0 |   0.0 |      36 |       0 |   0.0
       D:11 |    6254 |    2588 |  29.3 |      39 |      17 |  30.4
       D:12 |    9096 |    3005 |  24.8 |      43 |      14 |  24.6
       D:13 |    7292 |    7354 |  50.2 |      24 |      11 |  31.4
       D:14 |   10753 |     122 |   1.1 |      23 |      12 |  34.3
       D:15 |   14584 |    8416 |  36.6 |      39 |      12 |  23.5
     Lair:1 |    3159 |    1331 |  29.6 |      12 |       6 |  33.3
     Lair:2 |    7558 |     145 |   1.9 |      27 |       1 |   3.6
     Lair:3 |    7181 |    6558 |  47.7 |      26 |      24 |  48.0
     Lair:4 |    2899 |    1492 |  34.0 |      13 |       3 |  18.8
     Lair:5 |    8054 |     994 |  11.0 |      23 |       1 |   4.2
     Lair:6 |    5298 |   15235 |  74.2 |      22 |      40 |  64.5
    Swamp:1 |   13141 |    1686 |  11.4 |      25 |       4 |  13.8
    Swamp:2 |    3175 |       0 |   0.0 |       9 |       0 |   0.0
      Orc:1 |    4725 |    4708 |  49.9 |      38 |      20 |  34.5
      Orc:2 |    1851 |   11457 |  86.1 |      24 |      13 |  35.1
    Abyss:2 |    9973 |       0 |   0.0 |      31 |       0 |   0.0
    Abyss:3 |    3261 |       0 |   0.0 |      14 |       0 |   0.0
            +---------+---------+-------+---------+---------+-------
